Rafales vs Influenza
(R1)
Created - February 27, 2020 at 23:06
Goals
|
| Rafales |
1 |
1 |
1 |
3 |
| Influenza |
0 |
1 |
0 |
1 |
|
Shots
|
| Rafales |
6 |
12 |
7 |
25 |
| Influenza |
2 |
8 |
7 |
17 |
|
1st period
1. Rafales , Tim Crowder 21 (Maksim Mayorov 12, Andrew Shaw 50) at 6:55
Penalties :
Calvin de Haan (VJB) for Hooking (Minor) at 0:45, Connor Murphy (Stf) for Boarding (Minor) at 6:58, Ryan Dzingel (VJB) for Hooking (Minor) at 17:23
2nd period
2. Influenza , Lucas Lessio 12 (Brandon Montour 11, Malcolm Subban) at 15:27
3. Rafales , Joe Labate 4 (Tim Crowder 14, Ben Thomson 10) at 16:49
Penalties :
Tim Crowder (Stf) for Holding Stick (Minor) at 0:44, Carl Klingberg (Stf) for Tripping (Minor) at 4:17, Jayson Megna (Stf) for Roughing (Minor) at 7:06, Iiro Pakarinen (VJB) for Tripping (Minor) at 10:10, Andrew Shaw (Stf) for Tripping (Minor) at 10:15, Iiro Pakarinen (VJB) for High sticking (Minor) at 16:56, Nick Ritchie (VJB) for Roughing (Minor) at 19:49
3rd period
4. Rafales , Andrew Shaw 30 (Nathan Davis 30, Carl Klingberg 31) at 11:58 (PP)
Penalties :
Roland McKeown (VJB) for Hooking (Minor) at 4:12, Maksim Mayorov (Stf) for Holding Stick (Minor) at 8:03, Andre Burakovsky (VJB) for Roughing (Minor) at 11:19
Goalie Stats
Leland Irving (Stf), 16 saves from 17 shots - (0.941), W, 11-10-1, 60:00 minutes
Malcolm Subban (VJB), 22 saves from 25 shots - (0.880), L, 17-22-1, 60:00 minutes
Players Stats for Rafales
Player Name G A P +/- PIM S H SB GA TA FO MP PP MP PK MP
------------------------------------------------------------------------------------
Akim Aliu 0 0 0 0 0 0 0 0 0 0 0/1 1:02 0:00 0:00
Andrew Shaw 1 1 2 0 2 2 2 1 0 1 4/10 21:55 6:28 5:12
Ben Johnson 0 0 0 0 0 0 0 0 0 0 0/0 0:00 0:00 0:00
Ben Sexton 0 0 0 0 0 0 0 0 0 0 0/0 0:46 0:00 0:37
Ben Thomson 0 1 1 0 0 0 1 0 1 0 0/0 7:50 0:00 0:09
Borna Rendulic 0 0 0 0 0 2 1 0 0 0 0/0 7:41 0:00 0:00
Brad Ross 0 0 0 0 0 0 0 0 0 0 0/0 2:16 0:00 1:57
Brian Ferlin 0 0 0 0 0 1 1 0 0 1 0/0 16:19 4:10 2:56
Bruno Gervais 0 0 0 -1 0 2 2 2 2 2 0/0 27:12 6:58 5:44
Carl Klingberg 0 1 1 0 2 5 1 5 1 0 0/0 22:01 6:10 4:12
Chris Terry 0 0 0 0 0 1 0 0 0 0 0/0 13:12 4:10 0:00
Connor Murphy 0 0 0 -1 2 1 2 1 0 0 0/0 26:28 6:58 4:23
Dylan McIlrath 0 0 0 2 0 1 1 0 0 0 0/0 20:39 3:41 4:16
James Marcou 0 0 0 0 0 0 0 0 0 0 2/4 2:09 0:19 0:02
Jayson Megna 0 0 0 0 2 1 1 0 0 0 4/8 13:11 4:10 0:00
Joe Labate 1 0 1 1 0 1 2 2 0 0 0/1 9:49 0:00 0:00
Joey Laleggia 0 0 0 0 0 2 1 1 1 0 0/0 12:09 0:00 0:00
Julian Melchiori 0 0 0 2 0 0 3 1 0 3 0/0 20:39 3:41 4:16
Kevin Veilleux 0 0 0 0 0 0 0 0 0 0 0/0 0:00 0:00 0:00
Maksim Mayorov 0 1 1 1 2 1 0 2 0 0 0/0 9:49 0:00 0:00
Nathan Davis 0 1 1 0 0 2 0 2 0 0 14/27 19:16 6:29 2:56
Ryan Bourque 0 0 0 0 0 0 1 0 0 0 2/2 7:41 0:00 0:00
Slater Koekkoek 0 0 0 0 0 1 2 0 0 0 0/0 12:53 0:00 1:21
Tim Crowder 1 1 2 1 2 2 0 0 0 0 0/0 9:50 0:00 0:00
Tyrell Goulbourne 0 0 0 0 0 0 0 0 0 0 0/0 3:13 0:00 1:59
Players Stats for Influenza
Player Name G A P +/- PIM S H SB GA TA FO MP PP MP PK MP
------------------------------------------------------------------------------------
Andre Burakovsky 0 0 0 0 2 4 0 0 0 1 0/0 19:15 5:18 1:30
Bo Horvat 0 0 0 0 0 1 4 0 1 0 10/23 16:47 5:17 0:00
Brandon Montour 0 1 1 1 0 0 2 0 0 2 0/0 14:12 0:21 0:52
Calvin de Haan 0 0 0 0 2 1 5 3 0 0 0/0 28:10 5:41 5:37
Colton Sissons 0 0 0 -1 0 2 4 0 1 0 4/10 13:12 0:09 3:01
Dmitry Sinitsyn 0 0 0 -2 0 4 1 2 3 0 0/0 18:49 4:07 4:10
Iiro Pakarinen 0 0 0 -1 4 0 3 0 0 0 1/1 15:17 5:22 0:00
Jacob Josefson 0 0 0 1 0 0 1 1 0 0 2/3 9:27 0:00 0:51
Justin Bailey 0 0 0 0 0 0 0 0 0 0 0/0 14:34 4:29 0:00
Kasperi Kapanen 0 0 0 -1 0 1 1 0 0 0 0/0 7:03 0:00 0:00
Luca Sbisa 0 0 0 1 0 2 1 3 0 0 0/0 24:03 5:37 4:08
Lucas Lessio 1 0 1 -1 0 1 1 0 0 0 0/1 12:30 0:19 1:24
Nick Ritchie 0 0 0 1 2 0 0 0 0 0 0/0 7:43 0:00 0:00
Paul Ladue 0 0 0 0 0 0 2 1 0 2 0/0 26:02 4:02 6:31
Roland McKeown 0 0 0 -2 2 0 1 0 0 0 0/0 9:39 0:12 0:00
Ryan Dzingel 0 0 0 -1 2 0 1 0 2 0 0/0 19:12 4:29 5:15
Tom Kuhnhackl 0 0 0 1 0 1 0 0 0 0 0/0 12:40 0:03 3:01
Zac Dalpe 0 0 0 -1 0 0 2 0 0 0 10/15 18:45 4:34 6:16
3 Stars
1 - Joe Labate (Stf)
2 - Andrew Shaw (Stf)
3 - Tim Crowder (Stf)
Power Play
Rafales - 1 on 7 Attempt(s) - 14.29%
Influenza - 0 on 6 Attempt(s) - 0.00%
Penalty Kill
Rafales - 6 on 6 Attempt(s) - 100.00%
- Score 0 goal in Penalty Kill
Influenza - 6 on 7 Attempt(s) - 85.71%
- Score 0 goal in Penalty Kill
Team Stat
Rafales - Hits : 21 - Faceoff Wins : 26 - Blocked Shots : 17 - Penalty Minutes : 12
Influenza - Hits : 29 - Faceoff Wins : 27 - Blocked Shots : 10 - Penalty Minutes : 14
Official
Referees : Unknown
Linesman : Unknown
Game Notes
No Game Note
Finance
Level 1 -- Attendance: 1354 (67.70%) -- Ticket Income $54,160
Level 2 -- Attendance: 644 (64.40%) -- Ticket Income $12,880
Total Attendance: 1998 (66.60%)
Total Ticket Income: $67,040
Other Income: $3,352
Total Income: $70,392
Rafales
5 vs 5 Forward
Center Left Wing Right Wing Time % Phy DF OF
1 Nathan Davis Carl Klingberg Andrew Shaw 40 1 2 2
2 Jayson Megna Chris Terry Brian Ferlin 30 1 2 2
3 Joe Labate Maksim Mayorov Tim Crowder 20 1 2 2
4 Ryan Bourque Ben Thomson Borna Rendulic 10 1 2 2
5 vs 5 Defense
Defense Defense Time % Phy DF OF
1 Bruno Gervais Connor Murphy 40 1 2 2
2 Julian Melchiori Dylan McIlrath 30 1 2 2
3 Joey Laleggia Slater Koekkoek 20 1 2 2
4 Bruno Gervais Connor Murphy 10 1 2 2
PowerPlay Forward
Center Left Wing Right Wing Time % Phy DF OF
1 Nathan Davis Carl Klingberg Andrew Shaw 60 1 2 2
2 Jayson Megna Chris Terry Brian Ferlin 40 1 2 2
PowerPlay Defense
Defense Defense Time % Phy DF OF
1 Bruno Gervais Connor Murphy 60 1 2 2
2 Julian Melchiori Dylan McIlrath 40 1 2 2
Penalty Kill 4 Players Forward
Center Wing Time % Phy DF OF
1 Andrew Shaw Carl Klingberg 60 1 2 2
2 Nathan Davis Brian Ferlin 40 1 2 2
Penalty Kill 4 Players Defense
Defense Defense Time % Phy DF OF
1 Bruno Gervais Connor Murphy 60 1 2 2
2 Julian Melchiori Dylan McIlrath 40 1 2 2
Penalty Kill - 3 Players Forward
Forward Time % Phy DF OF
1 Andrew Shaw 60 1 2 2
2 Carl Klingberg 40 1 2 2
Penalty Kill - 3 Players Defense
Defense Defense Time % Phy DF OF
1 Bruno Gervais Connor Murphy 60 1 2 2
2 Julian Melchiori Dylan McIlrath 40 1 2 2
4 vs 4 Forward
Center Wing Time % Phy DF OF
1 Andrew Shaw Carl Klingberg 60 1 2 2
2 Nathan Davis Brian Ferlin 40 1 2 2
4 vs 4 Defense
Defense Defense Time % Phy DF OF
1 Bruno Gervais Connor Murphy 60 1 2 2
2 Julian Melchiori Dylan McIlrath 40 1 2 2
Last Minutes Offensive
Center Left Wing Right Wing Defense Defense
Nathan Davis Carl Klingberg Andrew Shaw Bruno Gervais Connor Murphy
Last Minutes Defensive
Center Left Wing Right Wing Defense Defense
Nathan Davis Carl Klingberg Andrew Shaw Bruno Gervais Connor Murphy
Goaltenders
Starting : Leland Irving
Backup : Jake Allen
Extra Forwards
Normal : James Marcou, Akim Aliu, Tyrell Goulbourne - PP : James Marcou, Akim Aliu - PK : Tyrell Goulbourne
Extra Defensemen
Normal : Joey Laleggia, Slater Koekkoek, Julian Melchiori - PP : Joey Laleggia - PK : Slater Koekkoek, Julian Melchiori
Penalty Shots
Andrew Shaw, Carl Klingberg, Nathan Davis, Brian Ferlin, Tim Crowder
Scratches
David Broll (Healthy), Chris Driedger (Healthy), Sean Maguire (Healthy)
Influenza
5 vs 5 Forward
Center Left Wing Right Wing Time % Phy DF OF
1 Bo Horvat Andre Burakovsky Justin Bailey 40 1 2 2
2 Colton Sissons Ryan Dzingel Iiro Pakarinen 30 1 2 2
3 Zac Dalpe Lucas Lessio Kasperi Kapanen 20 1 2 2
4 Jacob Josefson Nick Ritchie Tom Kuhnhackl 10 1 2 2
5 vs 5 Defense
Defense Defense Time % Phy DF OF
1 Calvin de Haan Paul Ladue 40 1 2 2
2 Luca Sbisa Brandon Montour 30 1 2 2
3 Dmitry Sinitsyn Roland McKeown 20 1 2 2
4 Calvin de Haan Luca Sbisa 10 1 2 2
PowerPlay Forward
Center Left Wing Right Wing Time % Phy DF OF
1 Bo Horvat Andre Burakovsky Iiro Pakarinen 60 1 2 2
2 Zac Dalpe Ryan Dzingel Justin Bailey 40 1 2 2
PowerPlay Defense
Defense Defense Time % Phy DF OF
1 Calvin de Haan Luca Sbisa 60 1 2 2
2 Paul Ladue Dmitry Sinitsyn 40 1 2 2
Penalty Kill 4 Players Forward
Center Wing Time % Phy DF OF
1 Zac Dalpe Ryan Dzingel 60 1 2 2
2 Colton Sissons Tom Kuhnhackl 40 1 2 2
Penalty Kill 4 Players Defense
Defense Defense Time % Phy DF OF
1 Calvin de Haan Paul Ladue 60 1 2 2
2 Luca Sbisa Dmitry Sinitsyn 40 1 2 2
Penalty Kill - 3 Players Forward
Forward Time % Phy DF OF
1 Zac Dalpe 60 1 2 2
2 Colton Sissons 40 1 2 2
Penalty Kill - 3 Players Defense
Defense Defense Time % Phy DF OF
1 Calvin de Haan Paul Ladue 60 1 2 2
2 Luca Sbisa Dmitry Sinitsyn 40 1 2 2
4 vs 4 Forward
Center Wing Time % Phy DF OF
1 Bo Horvat Andre Burakovsky 60 1 2 2
2 Zac Dalpe Iiro Pakarinen 40 1 2 2
4 vs 4 Defense
Defense Defense Time % Phy DF OF
1 Calvin de Haan Paul Ladue 60 1 2 2
2 Luca Sbisa Dmitry Sinitsyn 40 1 2 2
Last Minutes Offensive
Center Left Wing Right Wing Defense Defense
Bo Horvat Andre Burakovsky Iiro Pakarinen Calvin de Haan Paul Ladue
Last Minutes Defensive
Center Left Wing Right Wing Defense Defense
Zac Dalpe Andre Burakovsky Iiro Pakarinen Calvin de Haan Paul Ladue
Goaltenders
Starting : Malcolm Subban
Backup : Tyson Sexsmith
Extra Forwards
Normal : Lucas Lessio, Iiro Pakarinen, Andre Burakovsky - PP : Lucas Lessio, Colton Sissons - PK : Andre Burakovsky
Extra Defensemen
Normal : Luca Sbisa, Dmitry Sinitsyn, Calvin de Haan - PP : Brandon Montour - PK : Paul Ladue, Brandon Montour
Penalty Shots
Andre Burakovsky, Bo Horvat, Zac Dalpe, Justin Bailey, Calvin de Haan
Scratches
Jordan Schroeder (Healthy), Shane Prince (Healthy), Jeff Corbett (Healthy), Henri Ikonen (Healthy), Johan Larsson (Healthy)
Tim Erixon (Torn Left ACL Injury), Mitchell Moroz (Healthy), Josh Andrerson (Healthy), Jesse Graham (Healthy), Jake Walman (Healthy)
Conner Bleackley (Healthy), Brycen Martin (Healthy), Jaden Lindo (Healthy), Jamie Phillips (Healthy)
% Time on Ice - Rafales
Lines # - Real PCT - Wanted PCT - Time Play
Normal Forward
1 - 29% - 40% - 10:53
2 - 24% - 30% - 9:04
3 - 26% - 20% - 9:49
4 - 21% - 10% - 7:41
Normal Defense
1 - 38% - 40% - 14:15
2 - 31% - 30% - 11:40
3 - 31% - 20% - 11:32
4 - 0% - 10% - 0:00
PP Forward
1 - 61% - 60% - 6:29
2 - 39% - 40% - 4:10
PP Defense
1 - 65% - 60% - 6:58
2 - 35% - 40% - 3:41
PK Forward
1 - 71% - 60% - 7:04
2 - 29% - 40% - 2:56
PK Defense
1 - 57% - 60% - 5:44
2 - 43% - 40% - 4:16
PK3 Forward
1 - 0% - 60%
2 - 0% - 40%
PK3 Defense
1 - 0% - 60%
2 - 0% - 40%
44 Forward
1 - 100% - 60% - 1:54
2 - 0% - 40% - 0:00
44 Defense
1 - 46% - 60% - 0:52
2 - 54% - 40% - 1:02
Last Minute Offensive - 0:00
Last Minute Defensive - 0:00
Total
Forward - 60:00
Defense - 60:00
|
% Time on Ice - Influenza
Lines # - Real PCT - Wanted PCT - Time Play
Normal Forward
1 - 40% - 40% - 14:52
2 - 23% - 30% - 8:28
3 - 18% - 20% - 6:50
4 - 19% - 10% - 7:17
Normal Defense
1 - 40% - 40% - 15:04
2 - 35% - 30% - 13:14
3 - 23% - 20% - 8:32
4 - 2% - 10% - 0:37
PP Forward
1 - 54% - 60% - 5:26
2 - 46% - 40% - 4:34
PP Defense
1 - 59% - 60% - 5:53
2 - 41% - 40% - 4:07
PK Forward
1 - 72% - 60% - 7:38
2 - 28% - 40% - 3:01
PK Defense
1 - 61% - 60% - 6:31
2 - 39% - 40% - 4:08
PK3 Forward
1 - 0% - 60%
2 - 0% - 40%
PK3 Defense
1 - 0% - 60%
2 - 0% - 40%
44 Forward
1 - 82% - 60% - 1:33
2 - 18% - 40% - 0:21
44 Defense
1 - 55% - 60% - 1:03
2 - 45% - 40% - 0:51
Last Minute Offensive - 0:00
Last Minute Defensive - 0:00
Total
Forward - 60:00
Defense - 60:00
|
Play-by-Play
1st period
0:01 of 1st period - Nathan Davis wins face-off versus Bo Horvat in neutral zone.
0:08 of 1st period - Slapshot by Nathan Davis.
0:08 of 1st period - Shot Misses the Net.
0:39 of 1st period - Wrist shot by Bruno Gervais.
0:39 of 1st period - Stopped by Malcolm Subban with a rebound.
0:45 of 1st period - Minor Penalty to Calvin de Haan for Hooking.
0:46 of 1st period - Andrew Shaw wins face-off versus Zac Dalpe in Influenza zone.
1:27 of 1st period - Brandon Montour is hit by Brian Ferlin.
2:03 of 1st period - Bruno Gervais is hit by Ryan Dzingel and loses puck.
2:45 of 1st period - Penalty to Calvin de Haan is over, Calvin de Haan is back on ice.
3:16 of 1st period - Calvin de Haan is hit by Julian Melchiori and loses puck.
3:57 of 1st period - Slater Koekkoek is hit by Brandon Montour and loses puck.
4:20 of 1st period - Snap shot by Ryan Dzingel.
4:20 of 1st period - Shot Blocked by Carl Klingberg.
4:22 of 1st period - Snap shot by Ryan Dzingel.
4:22 of 1st period - Shot Blocked by Joey Laleggia.
4:46 of 1st period - Connor Murphy is hit by Bo Horvat.
6:07 of 1st period - Off-side.
6:08 of 1st period - Jayson Megna wins face-off versus Bo Horvat in neutral zone.
6:08 of 1st period - Jayson Megna is hit by Brandon Montour.
6:39 of 1st period - Snap shot by Iiro Pakarinen.
6:39 of 1st period - Shot Blocked by Bruno Gervais.
6:55 of 1st period - Wrist shot by Tim Crowder.
6:55 of 1st period - Goal by Tim Crowder - Rafales : 1 - Influenza : 0.
6:56 of 1st period - Nathan Davis wins face-off versus Bo Horvat in neutral zone.
6:58 of 1st period - Minor Penalty to Connor Murphy for Boarding.
6:59 of 1st period - Bo Horvat wins face-off versus Andrew Shaw in Rafales zone.
7:02 of 1st period - Wrist shot by Andre Burakovsky.
7:02 of 1st period - Shot Misses the Net.
7:04 of 1st period - Snap shot by Luca Sbisa.
7:04 of 1st period - Shot Blocked by Carl Klingberg.
7:06 of 1st period - Snap shot by Calvin de Haan.
7:06 of 1st period - Shot Blocked by Carl Klingberg.
7:10 of 1st period - Slapshot by Bo Horvat.
7:10 of 1st period - Shot Misses the Net.
7:12 of 1st period - Snap shot by Andre Burakovsky.
7:12 of 1st period - Stopped by Leland Irving with a rebound.
7:14 of 1st period - Backhand shot by Luca Sbisa.
7:14 of 1st period - Shot Misses the Net.
8:58 of 1st period - Penalty to Connor Murphy is over, Connor Murphy is back on ice.
9:32 of 1st period - Wrist shot by Tom Kuhnhackl.
9:32 of 1st period - Shot Blocked by Maksim Mayorov.
9:34 of 1st period - Wrist shot by Tom Kuhnhackl.
9:34 of 1st period - Stopped by Leland Irving with a rebound.
9:36 of 1st period - Slapshot by Paul Ladue.
9:36 of 1st period - Shot Blocked by Joe Labate.
9:38 of 1st period - Snap shot by Lucas Lessio.
9:38 of 1st period - Shot Misses the Net.
9:40 of 1st period - Snap shot by Colton Sissons.
9:40 of 1st period - Shot Misses the Net.
9:42 of 1st period - Wrist shot by Colton Sissons.
9:42 of 1st period - Shot Blocked by Maksim Mayorov.
9:48 of 1st period - Connor Murphy is hit by Colton Sissons and loses puck.
10:15 of 1st period - Connor Murphy is hit by Colton Sissons and loses puck.
10:27 of 1st period - Julian Melchiori is hit by Colton Sissons and loses puck.
10:36 of 1st period - Calvin de Haan is hit by Dylan McIlrath and loses puck.
10:48 of 1st period - Wrist shot by Lucas Lessio.
10:48 of 1st period - Shot Misses the Net.
10:56 of 1st period - Dmitry Sinitsyn is hit by Slater Koekkoek and loses puck.
11:29 of 1st period - Paul Ladue is hit by Joe Labate and loses puck.
11:40 of 1st period - Wrist shot by Tim Crowder.
11:40 of 1st period - Shot Misses the Net.
11:42 of 1st period - Slapshot by Joey Laleggia.
11:42 of 1st period - Deflect By Joe Labate.
11:42 of 1st period - Shot Blocked by Paul Ladue.
11:42 of 1st period - Puck is out of play.
11:43 of 1st period - Nathan Davis wins face-off versus Bo Horvat in Influenza zone.
12:08 of 1st period - Justin Bailey is hit by Jayson Megna and loses puck.
12:15 of 1st period - Wrist shot by Jayson Megna.
12:15 of 1st period - Stopped by Malcolm Subban without a rebound.
12:16 of 1st period - Jayson Megna wins face-off versus Bo Horvat in Influenza zone.
12:29 of 1st period - Wrist shot by Brian Ferlin.
12:29 of 1st period - Shot Misses the Net.
12:31 of 1st period - Slapshot by Brian Ferlin.
12:31 of 1st period - Deflect By Chris Terry.
12:31 of 1st period - Stopped by Malcolm Subban with a rebound.
13:27 of 1st period - Slapshot by Julian Melchiori.
13:27 of 1st period - Shot Blocked by Luca Sbisa.
15:01 of 1st period - Icing by Luca Sbisa.
15:02 of 1st period - Nathan Davis wins face-off versus Jacob Josefson in Influenza zone.
15:05 of 1st period - Backhand shot by Carl Klingberg.
15:05 of 1st period - Stopped by Malcolm Subban with a rebound.
15:20 of 1st period - Connor Murphy is hit by Calvin de Haan and loses puck.
17:05 of 1st period - Brandon Montour is hit by Andrew Shaw and loses puck.
17:18 of 1st period - Wrist shot by Borna Rendulic.
17:18 of 1st period - Stopped by Malcolm Subban without a rebound.
17:19 of 1st period - Ryan Bourque wins face-off versus Colton Sissons in Influenza zone.
17:23 of 1st period - Minor Penalty to Ryan Dzingel for Hooking.
17:24 of 1st period - Zac Dalpe wins face-off versus Nathan Davis in Influenza zone.
17:24 of 1st period - Zac Dalpe is hit by Andrew Shaw.
19:23 of 1st period - Penalty to Ryan Dzingel is over, Ryan Dzingel is back on ice.
Goals for this period are 1 for Rafales vs 0 for Influenza.
Shots for this period are 6 for Rafales vs 2 for Influenza.
2nd period
0:01 of 2nd period - Nathan Davis wins face-off versus Colton Sissons in neutral zone.
0:14 of 2nd period - Snap shot by Colton Sissons.
0:14 of 2nd period - Shot Misses the Net.
0:16 of 2nd period - Wrist shot by Colton Sissons.
0:16 of 2nd period - Shot Blocked by Nathan Davis.
0:26 of 2nd period - Jayson Megna is hit by Zac Dalpe and loses puck.
0:37 of 2nd period - Snap shot by Brian Ferlin.
0:37 of 2nd period - Shot Hit the Post.
0:44 of 2nd period - Minor Penalty to Tim Crowder for Holding Stick.
0:45 of 2nd period - Bo Horvat wins face-off versus Andrew Shaw in Rafales zone.
0:54 of 2nd period - Wrist shot by Andre Burakovsky.
0:54 of 2nd period - Stopped by Leland Irving without a rebound.
0:55 of 2nd period - Andrew Shaw wins face-off versus Bo Horvat in Rafales zone.
1:02 of 2nd period - Slapshot by Bruno Gervais.
1:02 of 2nd period - Shot Misses the Net.
1:04 of 2nd period - Wrist shot by Carl Klingberg.
1:04 of 2nd period - Stopped by Malcolm Subban without a rebound.
1:05 of 2nd period - Andrew Shaw wins face-off versus Bo Horvat in Influenza zone.
2:02 of 2nd period - Carl Klingberg is hit by Zac Dalpe and loses puck.
2:29 of 2nd period - Luca Sbisa is hit by Connor Murphy.
2:44 of 2nd period - Penalty to Tim Crowder is over, Tim Crowder is back on ice.
3:01 of 2nd period - Ryan Bourque is hit by Dmitry Sinitsyn and loses puck.
3:12 of 2nd period - Joey Laleggia is hit by Lucas Lessio and loses puck.
3:57 of 2nd period - Icing by Connor Murphy.
3:58 of 2nd period - Nathan Davis wins face-off versus Bo Horvat in Rafales zone.
4:17 of 2nd period - Minor Penalty to Carl Klingberg for Tripping.
4:18 of 2nd period - Bo Horvat wins face-off versus Andrew Shaw in Rafales zone.
5:10 of 2nd period - Slapshot by Brian Ferlin.
5:10 of 2nd period - Shot Misses the Net.
5:12 of 2nd period - Wrist shot by Nathan Davis.
5:12 of 2nd period - Shot Blocked by Dmitry Sinitsyn.
5:14 of 2nd period - Slapshot by Bruno Gervais.
5:14 of 2nd period - Shot Hit the Post.
5:16 of 2nd period - Wrist shot by Brian Ferlin.
5:16 of 2nd period - Shot Blocked by Dmitry Sinitsyn.
6:17 of 2nd period - Penalty to Carl Klingberg is over, Carl Klingberg is back on ice.
6:30 of 2nd period - Luca Sbisa is hit by Joe Labate and loses puck.
7:06 of 2nd period - Minor Penalty to Jayson Megna for Roughing.
7:07 of 2nd period - Bo Horvat wins face-off versus Andrew Shaw in Rafales zone.
7:51 of 2nd period - Brian Ferlin is hit by Iiro Pakarinen.
8:23 of 2nd period - Dmitry Sinitsyn is hit by Bruno Gervais and loses puck.
9:06 of 2nd period - Penalty to Jayson Megna is over, Jayson Megna is back on ice.
9:34 of 2nd period - Borna Rendulic is hit by Jacob Josefson and loses puck.
9:47 of 2nd period - Wrist shot by Jacob Josefson.
9:47 of 2nd period - Shot Misses the Net.
10:01 of 2nd period - Snap shot by Ryan Bourque.
10:01 of 2nd period - Shot Misses the Net.
10:03 of 2nd period - Snap shot by Ben Thomson.
10:03 of 2nd period - Shot Misses the Net.
10:05 of 2nd period - Slapshot by Joey Laleggia.
10:05 of 2nd period - Stopped by Malcolm Subban with a rebound.
10:07 of 2nd period - Slapshot by Joey Laleggia.
10:07 of 2nd period - Stopped by Malcolm Subban without a rebound.
10:08 of 2nd period - Colton Sissons wins face-off versus Nathan Davis in Influenza zone.
10:10 of 2nd period - Minor Penalty to Iiro Pakarinen for Tripping.
10:11 of 2nd period - Zac Dalpe wins face-off versus Nathan Davis in Influenza zone.
10:15 of 2nd period - Minor Penalty to Andrew Shaw for Tripping.
10:16 of 2nd period - James Marcou wins face-off versus Bo Horvat in Rafales zone.
10:23 of 2nd period - Snap shot by Bo Horvat.
10:23 of 2nd period - Shot Blocked by Bruno Gervais.
10:25 of 2nd period - Slapshot by Dmitry Sinitsyn.
10:25 of 2nd period - Stopped by Leland Irving without a rebound.
10:26 of 2nd period - Bo Horvat wins face-off versus James Marcou in Rafales zone.
10:49 of 2nd period - Snap shot by Andre Burakovsky.
10:49 of 2nd period - Deflect By Bo Horvat.
10:49 of 2nd period - Shot Misses the Net.
10:49 of 2nd period - Puck is out of play.
10:50 of 2nd period - James Marcou wins face-off versus Bo Horvat in Rafales zone.
10:50 of 2nd period - James Marcou is hit by Paul Ladue.
11:06 of 2nd period - Slapshot by Connor Murphy.
11:06 of 2nd period - Deflect By Carl Klingberg.
11:06 of 2nd period - Shot Misses the Net.
11:06 of 2nd period - Puck is out of play.
11:07 of 2nd period - Bo Horvat wins face-off versus Akim Aliu in Influenza zone.
11:28 of 2nd period - Carl Klingberg is hit by Calvin de Haan and loses puck.
11:45 of 2nd period - Snap shot by Julian Melchiori.
11:45 of 2nd period - Shot Misses the Net.
11:56 of 2nd period - Icing by Dylan McIlrath.
11:57 of 2nd period - Bo Horvat wins face-off versus James Marcou in Rafales zone.
12:10 of 2nd period - Penalty to Iiro Pakarinen is over, Iiro Pakarinen is back on ice.
12:15 of 2nd period - Penalty to Andrew Shaw is over, Andrew Shaw is back on ice.
12:32 of 2nd period - Slapshot by Carl Klingberg.
12:32 of 2nd period - Stopped by Malcolm Subban with a rebound.
12:34 of 2nd period - Snap shot by Connor Murphy.
12:34 of 2nd period - Shot Hit the Post.
12:38 of 2nd period - Wrist shot by Carl Klingberg.
12:38 of 2nd period - Deflect By Lucas Lessio.
12:38 of 2nd period - Stopped by Malcolm Subban without a rebound.
12:39 of 2nd period - Jacob Josefson wins face-off versus Jayson Megna in Influenza zone.
12:39 of 2nd period - Jacob Josefson is hit by Slater Koekkoek.
12:51 of 2nd period - Snap shot by Brian Ferlin.
12:51 of 2nd period - Shot Blocked by Calvin de Haan.
13:15 of 2nd period - Snap shot by Tim Crowder.
13:15 of 2nd period - Stopped by Malcolm Subban without a rebound.
13:16 of 2nd period - Colton Sissons wins face-off versus Jayson Megna in Influenza zone.
13:41 of 2nd period - Connor Murphy is hit by Bo Horvat and loses puck.
13:46 of 2nd period - Slapshot by Bo Horvat.
13:46 of 2nd period - Stopped by Leland Irving with a rebound.
13:48 of 2nd period - Snap shot by Dmitry Sinitsyn.
13:48 of 2nd period - Shot Blocked by Nathan Davis.
13:50 of 2nd period - Slapshot by Dmitry Sinitsyn.
13:50 of 2nd period - Stopped by Leland Irving without a rebound.
13:51 of 2nd period - Iiro Pakarinen wins face-off versus Andrew Shaw in Rafales zone.
13:58 of 2nd period - Snap shot by Colton Sissons.
13:58 of 2nd period - Shot Misses the Net.
14:00 of 2nd period - Slapshot by Colton Sissons.
14:00 of 2nd period - Stopped by Leland Irving with a rebound.
14:02 of 2nd period - Snap shot by Colton Sissons.
14:02 of 2nd period - Stopped by Leland Irving without a rebound.
14:03 of 2nd period - Nathan Davis wins face-off versus Colton Sissons in Rafales zone.
14:05 of 2nd period - Connor Murphy is hit by Colton Sissons.
14:19 of 2nd period - Slapshot by Paul Ladue.
14:19 of 2nd period - Shot Blocked by Connor Murphy.
14:40 of 2nd period - Slapshot by Brian Ferlin.
14:40 of 2nd period - Stopped by Malcolm Subban without a rebound.
14:41 of 2nd period - Nathan Davis wins face-off versus Colton Sissons in Influenza zone.
14:42 of 2nd period - Wrist shot by Andrew Shaw.
14:42 of 2nd period - Stopped by Malcolm Subban with a rebound.
15:27 of 2nd period - Snap shot by Lucas Lessio.
15:27 of 2nd period - Goal by Lucas Lessio - Rafales : 1 - Influenza : 1.
15:28 of 2nd period - Nathan Davis wins face-off versus Colton Sissons in neutral zone.
15:39 of 2nd period - Snap shot by Colton Sissons.
15:39 of 2nd period - Shot Blocked by Carl Klingberg.
16:22 of 2nd period - Ryan Bourque is hit by Kasperi Kapanen and loses puck.
16:49 of 2nd period - Snap shot by Joe Labate.
16:49 of 2nd period - Goal by Joe Labate - Rafales : 2 - Influenza : 1.
16:50 of 2nd period - Nathan Davis wins face-off versus Colton Sissons in neutral zone.
16:56 of 2nd period - Minor Penalty to Iiro Pakarinen for High sticking.
16:57 of 2nd period - Nathan Davis wins face-off versus Zac Dalpe in Influenza zone.
17:00 of 2nd period - Slapshot by Nathan Davis.
17:00 of 2nd period - Stopped by Malcolm Subban without a rebound.
17:01 of 2nd period - Zac Dalpe wins face-off versus Nathan Davis in Influenza zone.
17:07 of 2nd period - Icing by Connor Murphy.
17:08 of 2nd period - Nathan Davis wins face-off versus Zac Dalpe in Rafales zone.
17:25 of 2nd period - Snap shot by Nathan Davis.
17:25 of 2nd period - Stopped by Malcolm Subban without a rebound.
17:26 of 2nd period - Jayson Megna wins face-off versus Zac Dalpe in Influenza zone.
18:14 of 2nd period - Ryan Dzingel is hit by Julian Melchiori and loses puck.
18:27 of 2nd period - Snap shot by Colton Sissons.
18:27 of 2nd period - Shot Blocked by Andrew Shaw.
18:29 of 2nd period - Snap shot by Dmitry Sinitsyn.
18:29 of 2nd period - Shot Misses the Net.
18:31 of 2nd period - Snap shot by Tom Kuhnhackl.
18:31 of 2nd period - Shot Blocked by Julian Melchiori.
18:33 of 2nd period - Slapshot by Luca Sbisa.
18:33 of 2nd period - Deflect By Nathan Davis.
18:33 of 2nd period - Stopped by Leland Irving without a rebound.
18:34 of 2nd period - Zac Dalpe wins face-off versus Jayson Megna in Rafales zone.
18:56 of 2nd period - Penalty to Iiro Pakarinen is over, Iiro Pakarinen is back on ice.
19:11 of 2nd period - Slapshot by Calvin de Haan.
19:11 of 2nd period - Shot Blocked by Joe Labate.
19:33 of 2nd period - Slapshot by Dylan McIlrath.
19:33 of 2nd period - Shot Blocked by Luca Sbisa.
19:35 of 2nd period - Snap shot by Jayson Megna.
19:35 of 2nd period - Shot Misses the Net.
19:37 of 2nd period - Snap shot by Dylan McIlrath.
19:37 of 2nd period - Stopped by Malcolm Subban with a rebound.
19:49 of 2nd period - Minor Penalty to Nick Ritchie for Roughing.
19:50 of 2nd period - Zac Dalpe wins face-off versus Nathan Davis in Influenza zone.
Goals for this period are 1 for Rafales vs 1 for Influenza.
Shots for this period are 12 for Rafales vs 8 for Influenza.
3rd period
0:01 of 3rd period - Zac Dalpe wins face-off versus Nathan Davis in neutral zone.
0:04 of 3rd period - Slapshot by Paul Ladue.
0:04 of 3rd period - Deflect By Zac Dalpe.
0:04 of 3rd period - Shot Misses the Net.
0:04 of 3rd period - Puck is out of play.
0:05 of 3rd period - Nathan Davis wins face-off versus Zac Dalpe in Rafales zone.
0:20 of 3rd period - Snap shot by Carl Klingberg.
0:20 of 3rd period - Deflect By Andrew Shaw.
0:20 of 3rd period - Shot Blocked by Calvin de Haan.
0:20 of 3rd period - Puck is out of play.
0:21 of 3rd period - Zac Dalpe wins face-off versus Nathan Davis in Influenza zone.
1:49 of 3rd period - Penalty to Nick Ritchie is over, Nick Ritchie is back on ice.
2:21 of 3rd period - Jacob Josefson is hit by Ben Thomson.
2:56 of 3rd period - Andrew Shaw is hit by Bo Horvat and loses puck.
3:25 of 3rd period - Joe Labate is hit by Iiro Pakarinen and loses puck.
3:43 of 3rd period - Tom Kuhnhackl is hit by Borna Rendulic and loses puck.
4:03 of 3rd period - Slapshot by Bruno Gervais.
4:03 of 3rd period - Stopped by Malcolm Subban without a rebound.
4:04 of 3rd period - Jayson Megna wins face-off versus Bo Horvat in Influenza zone.
4:12 of 3rd period - Minor Penalty to Roland McKeown for Hooking.
4:13 of 3rd period - Zac Dalpe wins face-off versus Nathan Davis in Influenza zone.
4:39 of 3rd period - Brian Ferlin is hit by Calvin de Haan and loses puck.
4:45 of 3rd period - Off-side.
4:46 of 3rd period - Colton Sissons wins face-off versus Nathan Davis in neutral zone.
4:55 of 3rd period - Snap shot by Luca Sbisa.
4:55 of 3rd period - Stopped by Leland Irving with a rebound.
5:18 of 3rd period - Chris Terry is hit by Luca Sbisa.
6:12 of 3rd period - Penalty to Roland McKeown is over, Roland McKeown is back on ice.
6:26 of 3rd period - Icing by Lucas Lessio.
6:27 of 3rd period - Ryan Bourque wins face-off versus Lucas Lessio in Influenza zone.
6:45 of 3rd period - Lucas Lessio is hit by Ryan Bourque and loses puck.
6:58 of 3rd period - Ryan Bourque is hit by Calvin de Haan and loses puck.
7:05 of 3rd period - Slapshot by Slater Koekkoek.
7:05 of 3rd period - Stopped by Malcolm Subban with a rebound.
7:07 of 3rd period - Snap shot by Borna Rendulic.
7:07 of 3rd period - Stopped by Malcolm Subban without a rebound.
7:08 of 3rd period - Colton Sissons wins face-off versus Nathan Davis in Influenza zone.
7:08 of 3rd period - Colton Sissons is hit by Carl Klingberg.
7:45 of 3rd period - Snap shot by Tom Kuhnhackl.
7:45 of 3rd period - Shot Misses the Net.
7:55 of 3rd period - Kasperi Kapanen is hit by Bruno Gervais and loses puck.
8:03 of 3rd period - Minor Penalty to Maksim Mayorov for Holding Stick.
8:04 of 3rd period - Andrew Shaw wins face-off versus Bo Horvat in Rafales zone.
8:04 of 3rd period - Carl Klingberg is hit by Iiro Pakarinen and loses puck.
8:43 of 3rd period - Wrist shot by Luca Sbisa.
8:43 of 3rd period - Shot Misses the Net.
9:33 of 3rd period - Calvin de Haan is hit by Connor Murphy and loses puck.
9:42 of 3rd period - Snap shot by Tyrell Goulbourne.
9:42 of 3rd period - Shot Blocked by Calvin de Haan.
9:44 of 3rd period - Slapshot by Connor Murphy.
9:44 of 3rd period - Deflect By Luca Sbisa.
9:44 of 3rd period - Stopped by Malcolm Subban without a rebound.
9:45 of 3rd period - Zac Dalpe wins face-off versus Andrew Shaw in Influenza zone.
10:03 of 3rd period - Penalty to Maksim Mayorov is over, Maksim Mayorov is back on ice.
10:30 of 3rd period - Paul Ladue is hit by Joey Laleggia and loses puck.
10:34 of 3rd period - Icing by Joey Laleggia.
10:35 of 3rd period - Jacob Josefson wins face-off versus Joe Labate in Rafales zone.
10:46 of 3rd period - Snap shot by Joe Labate.
10:46 of 3rd period - Shot Blocked by Luca Sbisa.
11:06 of 3rd period - Snap shot by Carl Klingberg.
11:06 of 3rd period - Stopped by Malcolm Subban without a rebound.
11:07 of 3rd period - Bo Horvat wins face-off versus Nathan Davis in Influenza zone.
11:19 of 3rd period - Minor Penalty to Andre Burakovsky for Roughing.
11:20 of 3rd period - Zac Dalpe wins face-off versus Nathan Davis in Influenza zone.
11:58 of 3rd period - Snap shot by Andrew Shaw.
11:58 of 3rd period - Goal by Andrew Shaw - Rafales : 3 - Influenza : 1.
11:59 of 3rd period - Bo Horvat wins face-off versus Jayson Megna in neutral zone.
12:02 of 3rd period - Snap shot by Calvin de Haan.
12:02 of 3rd period - Shot Misses the Net.
12:08 of 3rd period - Chris Terry is hit by Paul Ladue.
12:11 of 3rd period - Connor Murphy is hit by Bo Horvat and loses puck.
14:08 of 3rd period - Snap shot by Maksim Mayorov.
14:08 of 3rd period - Stopped by Malcolm Subban with a rebound.
14:45 of 3rd period - Slapshot by Dmitry Sinitsyn.
14:45 of 3rd period - Stopped by Leland Irving with a rebound.
14:47 of 3rd period - Slapshot by Dmitry Sinitsyn.
14:47 of 3rd period - Stopped by Leland Irving without a rebound.
14:48 of 3rd period - Bo Horvat wins face-off versus Nathan Davis in Rafales zone.
14:58 of 3rd period - Slapshot by Calvin de Haan.
14:58 of 3rd period - Stopped by Leland Irving with a rebound.
15:00 of 3rd period - Wrist shot by Justin Bailey.
15:00 of 3rd period - Deflect By Andre Burakovsky.
15:00 of 3rd period - Stopped by Leland Irving with a rebound.
15:02 of 3rd period - Snap shot by Bo Horvat.
15:02 of 3rd period - Shot Blocked by Carl Klingberg.
15:04 of 3rd period - Wrist shot by Bo Horvat.
15:04 of 3rd period - Shot Misses the Net.
15:35 of 3rd period - Brandon Montour is hit by Julian Melchiori and loses puck.
16:16 of 3rd period - Slapshot by Zac Dalpe.
16:16 of 3rd period - Shot Misses the Net.
16:36 of 3rd period - Snap shot by Kasperi Kapanen.
16:36 of 3rd period - Stopped by Leland Irving without a rebound.
16:37 of 3rd period - Nathan Davis wins face-off versus Bo Horvat in Rafales zone.
17:02 of 3rd period - Connor Murphy is hit by Calvin de Haan and loses puck.
17:45 of 3rd period - Nathan Davis is hit by Roland McKeown and loses puck.
17:50 of 3rd period - Slapshot by Calvin de Haan.
17:50 of 3rd period - Deflect By Andre Burakovsky.
17:50 of 3rd period - Stopped by Leland Irving with a rebound.
17:56 of 3rd period - Wrist shot by Carl Klingberg.
17:56 of 3rd period - Shot Misses the Net.
19:22 of 3rd period - Snap shot by Andrew Shaw.
19:22 of 3rd period - Shot Blocked by Jacob Josefson.
Goals for this period are 1 for Rafales vs 0 for Influenza.
Shots for this period are 7 for Rafales vs 7 for Influenza.
Back to the Top